 Dungeon Crawl Stone Soup version 0.29-a0-284-gf9362112df (webtiles) character file.

Game seed: 6508715688890147376

57 spaghetti the Digger (level 4, 0/40 HPs)
             Began as an Octopode Earth Elementalist on Mar 22, 2022.
             Slain by a goblin
             ... wielding a +0 club
              (2 damage)
             ... on level 2 of the Dungeon.
             The game lasted 00:02:33 (1216 turns).

spaghetti the Digger (Octopode Earth Elementalist)  Turns: 1216, Time: 00:02:34

Health: 0/40       AC:  1    Str: 13    XL:     4   Next: 0%
Magic:  8/8        EV: 13    Int: 19    God:
Gold:   30         SH:  0    Dex: 12    Spells: 3/9 levels left

rFire   . . .      SeeInvis .   g - +0 quarterstaff {staff}
rCold   . . .      Faith    .   (shield currently unavailable)
rNeg    . . .      Spirit   .   (helmet restricted)
rPois   .          Reflect  .   (no amulet)
rElec   .          Harm     .   i - +6 ring of strength
rCorr   .          Rampage  .   (no ring)
Will    .....                   (no ring)
Stlth   ..........              (no ring)
HPRegen 0.13/turn               (no ring)
MPRegen 0.11/turn               (no ring)
                                (no ring)
                                (no ring)

@: berserking (expiring), very quick
A: almost no armour, amphibious, 8 rings, camouflage 1, gelatinous body 1,
(nimble swimmer 1), tentacles
a: no special abilities


You were on level 2 of the Dungeon.
You visited 1 branch of the dungeon, and saw 2 of its levels.

You collected 30 gold pieces.


Innate Abilities, Weirdness & Mutations

You cannot wear most types of armour.
You are amphibious.
You can wear up to eight rings at the same time.
Your skin changes colour to match your surroundings (Stealth+).
Your rubbery body absorbs attacks. (AC +1, EV +1)
((You are camouflaged when in or above water. (Stealth+)))
You have tentacles for arms and can constrict up to eight enemies at once.


   Skills:
 + Level 0.0 Fighting
 - Level 2.0 Dodging
 - Level 2.6 Stealth
 - Level 3.0 Spellcasting
 - Level 1.3 Conjurations
 - Level 1.0 Transmutations
 - Level 3.6 Earth Magic


You had 3 spell levels left.
You knew the following spells:

 Your Spells              Type           Power      Damage    Failure   Level
a - Sandblast             Erth           32%        2d9       3%          1
b - Passwall              Tmut/Erth      9%         N/A       9%          2
c - Stone Arrow           Conj/Erth      24%        3d8       16%         3

Your spell library contained the following spells:

 Spells                   Type           Power      Damage    Failure   Level
 Petrify                  Tmut/Erth      11%        N/A       50%         4

Inventory:

Hand Weapons
 c - a +0 short sword {short}
   (You took it off a kobold on level 1 of the Dungeon)
 f - a +0 whip {mace}
   (You took it off a kobold on level 1 of the Dungeon)
 g - a +0 quarterstaff (weapon) {staff}
   (You found it on level 1 of the Dungeon)
 h - a +0 dagger {short}
   (You found it on level 1 of the Dungeon)
Missiles
 a - 24 stones {throwing}
Jewellery
 i - a +6 ring of strength (left tentacle)
   (You found it on level 1 of the Dungeon)
Scrolls
 j - a scroll of teleportation {unknown}
 l - a scroll of magic mapping {unknown}
Potions
 b - 2 potions of magic
 e - 2 potions of curing {unknown}
 k - a potion of mutation {unknown}

Dungeon Overview and Level Annotations

Branches:
Dungeon (2/15)

Altars:

..... ........$......
.g...####..#..........#
#.g..............<
#...............
#hS.............
#.S...............
##...†.†.......... #..
##gr........##..>. #..
####@)...†...........
#..##...................
####..#....##......[.#..##
##..........#)..........##
#......................##
.......................# #
.................^..?.†#..#
.........................#
.......................###


You could see an adder, a goblin, a ball python and a rat.


Message History

Found a stone staircase leading down. 😕 HP[+1]
A rat comes into view.
You see here a +0 chain mail.
Found an escape hatch in the ceiling.
The rat bites you. 😮 HP[-2]
You take 2 damage, and now have 15/21 hp.
You are too injured to fight recklessly!
The rat attacks as you move away! The rat closely misses you.
You closely miss the hobgoblin. You grab the hobgoblin.
You constrict the hobgoblin, but do no damage.
The rat bites you. x2; The hobgoblin hits you.
* * * LOW HITPOINT WARNING * * *
😨 HP[-8]
You take 8 damage, and now have 7/21 hp.
MASSIVE DAMAGE!! (PAUSE)
You sock the rat!
You kill the rat!
You constrict the hobgoblin. The hobgoblin hits you.
* * * LOW HITPOINT WARNING * * *
The rat closely misses you. The rat barely misses you.
The hobgoblin hits you but does no damage. 😨 HP[-1]
You take 1 damage, and now have 6/21 hp.
You hit the rat.
You kill the rat!
You constrict the hobgoblin. The hobgoblin barely misses you.
You hit the hobgoblin.
You kill the hobgoblin!
You see here a hobgoblin corpse.
You start resting.
A jackal is nearby! 😨 HP[+1]
A jackal is nearby!
A kobold and a rat come into view.
A jackal comes into view.
The rat moves out of view.
You closely miss the jackal.
The jackal barks!
The kobold shouts!
The jackal barks! x2
Your grab misses the jackal.
You hear a bark!
You hear a shout!
The jackal misses you.
A goblin comes into view. It is wielding a +0 club.
The jackal bites you.
* * * LOW HITPOINT WARNING * * *
An adder comes into view. 😱 HP[-3]
You take 3 damage, and now have 4/21 hp.
The jackal closely misses you.
The jackal bites you but does no damage.
It was a potion of berserk rage.
A red film seems to cover your vision as you go berserk!
You feel yourself moving faster!
You feel mighty! The jackal closely misses you. 😱 HP[+3]
You now have 31 max hp (+10).
You regained 3 hp, and now have 7/31 hp.
You closely miss the jackal.
The jackal barks!
You grab the jackal. You constrict the jackal.
You hear an angry hiss. x2
The jackal bites you but does no damage. x2
The jackal bites you.
* * * LOW HITPOINT WARNING * * *
😱 HP[-1]
You take 1 damage, and now have 6/31 hp.
You sock the jackal!
You kill the jackal!
You constrict the jackal. The jackal bites you.
* * * LOW HITPOINT WARNING * * *
😱 HP[-2]
You take 2 damage, and now have 4/31 hp.
You closely miss the jackal. Your grab misses the jackal.
You constrict the jackal, but do no damage.
The jackal bites you.
* * * LOW HITPOINT WARNING * * *
The jackal bites you but does no damage. 😱 HP[-2]
You take 2 damage, and now have 2/31 hp.
You sock the jackal!
You kill the jackal!
You constrict the jackal.
The jackal bites you but does no damage.
You hit the jackal.
You kill the jackal!
You constrict the jackal.
You kill the jackal!
You closely miss the kobold. Your grab misses the kobold.
A ball python comes into view.
The goblin misses you. The kobold hits you with a +0 dagger.
* * * LOW HITPOINT WARNING * * *
😱 HP[-1]
You take 1 damage, and now have 1/31 hp.
You sock the kobold!
You kill the kobold!
You have reached level 4! 😱 HP[+1] MP[+1]
You now have 40 max hp (+9).
Your mp is fully restored (8).
You closely miss the goblin. Your grab misses the goblin.
The goblin hits you with a +0 club.
You die...

Skill      XL: |  1  2  3 |
---------------+----------+-----
Spellcasting   | 3 |  3.0
Conjurations   | 1 |  1.3
Dodging        | |  2.0
Stealth        | |  2.6
Transmutations | |  1.0
Earth Magic    | |  3.6

Action                   |  1- 3 |  4- 6 || total
-------------------------+-------+-------++-------
Melee: Unarmed           |    28 |       ||    28
       Constrict         |    16 |       ||    16
       Tentacles         |    14 |       ||    14
       Quarterstaff      |    27 |     1 ||    28
 Cast: Sandblast         |    26 |       ||    26
       Stone Arrow       |     1 |       ||     1
  Use: Potion            |     1 |       ||     1
Armor: Skin              |    12 |       ||    12
Dodge: Dodged            |    45 |       ||    45

Levels and vault maps discovered:
D:1:      psy_arrival_conway, layout_basic
D:2:      layout_rooms, nicolae_ecumenical_oubliette, st_stairs_13

Notes
Turn   | Place    | Note
-------+----------+-------------------------------------------
     0 | D:1      | spaghetti the Octopode Earth Elementalist began the quest
                  | for the Orb.
     0 | D:1      | Reached XP level 1. HP: 11/11 MP: 3/3
     0 | D:1      | magus.rc [v1.9.6]
   141 | D:1      | Reached XP level 2. HP: 15/17 MP: 0/5
   272 | D:1      | Reached skill level 3 in Spellcasting
   281 | D:1      | HP: 4/17 [bat (1)]
   445 | D:1      | Reached XP level 3. HP: 16/21 MP: 4/7
   476 | D:1      | Learned a level 2 spell: Passwall
   480 | D:1      | Learned a level 3 spell: Stone Arrow
  1115 | D:2      | Reached skill level 1 in Conjurations
  1202 | D:2      | HP: 4/21 [jackal (3)]
  1209 | D:2      | HP: 6/31 [jackal (1)]
  1211 | D:2      | HP: 2/31 [jackal (2)]
  1216 | D:2      | Reached XP level 4. HP: 2/27 MP: 8/8
  1216 | D:2      | Slain by a goblin

Vanquished Creatures
  An adder (D:1)
  A worm (D:2)
  3 bats (D:1)
  3 endoplasms (D:1)
  4 giant cockroaches
  2 goblins
  4 hobgoblins
  6 jackals
  3 kobolds
  A quokka (D:1)
  6 ball pythons
  A frilled lizard (D:1)
  5 rats
40 creatures vanquished.

Table legend:
 A = Non-vault XP
 B = Vault XP
 C = Vault XP percentage of total XP
 D = Non-vault monster count
 E = Vault monster count
 F = Vault count percentage of total count
                 A         B        C        D         E       F
            +---------+---------+-------+---------+---------+-------
      Total |      82 |       0 |   0.0 |      40 |       0 |   0.0
            +---------+---------+-------+---------+---------+-------
        D:1 |      55 |       0 |   0.0 |      26 |       0 |   0.0
        D:2 |      27 |       0 |   0.0 |      14 |       0 |   0.0
            +---------+---------+-------+---------+---------+-------

Illustrated notes

Table legend:
 A = Kills in this place as a percentage of kills in entire the game.
 B = Kills by you in this place as a percentage of kills by you in the entire game.
 C = Kills by friends in this place as a percentage of kills by friends in the entire game.
 D = Other kills in this place as a percentage of other kills in the entire game.
 E = Experience gained in this place as a percentage of experience gained in the entire game.
 F = Experience gained in this place divided by the number of levels of this place that you have seen.
                   A       B       C       D       E      F
               +-------+-------+-------+-------+-------+----------------------
         Total | 100.0 | 100.0 |   N/A |   N/A | 100.0 |  41.0
       Dungeon | 100.0 | 100.0 |   N/A |   N/A | 100.0 |  41.0
               +-------+-------+-------+-------+-------+----------------------

Table legend: (Time is in decaauts)
 A = Elapsed time spent in this place.
 B = Non-inter-level travel time spent in this place.
 C = Inter-level travel time spent in this place.
 D = Time resting spent in this place.
 E = Time spent auto-exploring this place.
 F = Levels seen in this place.
 G = Mean time per level.
                   A        B        C        D        E       F      G
               +--------+--------+--------+--------+--------+-----+--------+
         Total |   1220 |   1162 |     58 |    158 |    755 |   2 |  610.0 |
       Dungeon |   1220 |   1162 |     58 |    158 |    755 |   2 |  610.0 |
               +--------+--------+--------+--------+--------+-----+--------+

Top non-repeatable levels by time:
     D:1: 1101 daAuts
     D:2: 118 daAuts
